 Dungeon Sprint DCSS version 0.23-a0-726-g9fa1570 (webtiles) character file.

21732 Lanoc the Phalangite (level 12, -41/111 HPs)
             Began as a Merfolk Berserker on Jan 16, 2019.
             Was the Champion of Trog.
             Killed from afar by a frost giant (58 damage)
             ... with a bolt of cold
             ... in the Dungeon (Sprint IX: "|||||||||||||||||||||||||||||").
             The game lasted 00:15:28 (2350 turns).

Lanoc the Phalangite (Merfolk Berserker)            Turns: 2350, Time: 00:15:28

Health: -41/111    AC: 22    Str: 22    XL:     12   Next: 93%
Magic:  7/7        EV: 18    Int:  7    God:    Trog [******]
Gold:   944        SH:  0    Dex: 14    Spells: 11/11 levels left

rFire    . . .     SeeInvis .   n - +3 demon trident (antimagic)
rCold    . . .     Gourm    .   (no shield)
rNeg     + + .     Faith    .   C - +0 storm dragon scales
rPois    +         Spirit   .   q - +1 hat
rElec    +         Reflect  .   w - +2 cloak
rCorr    .         Harm     .   a - +0 pair of gloves
MR       ++...     NoTele   +   u - +0 pair of boots
Stlth    ..........             (no amulet)
HPRegen  1.28/turn              y - ring "Iluenoocw" {rPois rN++ MP+9 Str-2 Slay+2}
MPRegen  0.10/turn              o - +3 ring of strength

@: berserk cooldown, regenerating, slowed, very slow
A: change form in water, swift swim, stealthy swim
a: Berserk, Trog's Hand, Brothers in Arms, Renounce Religion


You were in the Dungeon.
You worshipped Trog.
Trog was exalted by your worship.
You were near starving.

You visited 1 branch You collected 1903 gold pieces.
You spent 959 gold pieces at shops.

Inventory:

Hand Weapons
 d - a +5 glaive of flaming
 n - a +3 antimagic demon trident (weapon)
Armour
 a - a +0 pair of gloves (worn)
 q - a +1 hat (worn)
 u - a +0 pair of boots (worn)
 w - a +2 cloak (worn)
 C - +0 storm dragon scales (worn)
Jewellery
 o - a +3 ring of strength (right hand)
 s - an uncursed ring of protection from cold
 x - an uncursed ring of protection from fire
 y - the ring "Iluenoocw" (left hand) {rPois rN++ MP+9 Str-2 Slay+2}
   (You bought it in a shop in the Dungeon)

   [ring of magical power]

   It affects your strength (-2).
   It affects your accuracy and damage with ranged weapons and melee attacks
   (+2).
   It protects you from poison.
   It greatly protects you from negative energy.
   It affects your magic capacity (+9).
 z - an uncursed ring of see invisible
Wands
 m - a wand of acid (10)
 p - a wand of iceblast (8)
Scrolls
 b - 3 scrolls of identify
 i - 4 scrolls of blinking
 j - a scroll of fear
 l - 8 scrolls of remove curse
 E - 2 scrolls of enchant weapon
Potions
 e - a potion of invisibility
 f - 13 potions of heal wounds
 g - 4 potions of magic
 h - a potion of berserk rage
 k - 8 potions of curing
 D - 2 potions of might
Comestibles
 c - 19 rations
 t - a chunk of flesh


   Skills:
 + Level 16.0 Fighting
 * Level 25.9 Polearms
 + Level 11.7 Armour
 + Level 18.3 Dodging


You had 11 spell levels left.
You didn't know any spells.
Your spell library was empty.

Dungeon Overview and Level Annotations

Branches:
Dungeon (1/1)

Altars:
Cheibriados
Dithmenos
Elyvilon
Fedhas
Gozag
Hepliaklqana
Kikubaaqudgha
Makhleb
Nemelex Xobeh
Okawaru
Qazlal
Ru
Sif Muna
Trog
Uskayaw
Vehumet
Wu Jian
Xom
Yredelemnul
Zin
The Shining One
Beogh
Jiyva
Lugonu

Shops:
D %=:=


Message History

The great orb of eyes bites you but does no damage.
You stick the great orb of eyes like a pincushion!!!
You kill the great orb of eyes!
Trog accepts your kill.
Your Fighting skill increases to level 16!
A vampire mage comes into view.
You are no longer berserk.
You are exhausted.
You feel yourself slow down.
You hit the ice dragon but do no damage.
You closely miss the ice dragon. The ice dragon breathes frost at you.
The blast of cold hits you!
* * * LOW HITPOINT WARNING * * *
The vampire mage casts a spell.
The frost giant gestures at you while chanting.
The bolt of cold hits the ice dragon.
The ice dragon completely resists.
The bolt of cold hits you!
Ouch! That really hurt!
You die...

÷........)÷............'..[..[..'
▓▓▓▓▓▓▓▓▓▓▓▓▓▓▓▓▓▓▓▓▓▓▓▓▓▓▓▓▓▓▓▓▓
.................................
▓▓▓▓▓▓▓▓▓▓▓▓▓▓▓▓▓▓▓▓▓▓▓▓▓▓▓▓▓▓▓▓▓
))....).[)).÷..∩.∩.∩.∩)....'.....
▓▓▓▓▓▓▓▓▓▓▓▓▓▓▓▓▓▓▓▓▓▓▓▓▓▓▓▓▓▓▓▓▓
.......[..(((....................
▓▓▓▓▓▓▓▓▓▓▓▓▓▓▓▓▓▓▓▓▓▓▓▓▓▓▓▓▓▓▓▓▓
.........[.=..))@D.C.sVW
▓▓▓▓▓▓▓▓▓▓▓▓▓▓▓▓▓▓▓▓▓▓▓▓


You could see a frost giant, an ice dragon, a vampire mage, a wraith and a giant
cockroach.

Vanquished Creatures
  Gastronok (D)
  A stone giant (D)
  A spark wasp (D)
  A hydra (D)
  A great orb of eyes (D)
  A death knight (D)
  3 ogre magi (D)
  A centaur warrior (D)
  A deep troll shaman (D)
  An orc high priest (D)
  Urug (D)
  An iron troll (D)
  3 deep trolls (D)
  2 orc knights (D)
  An ugly thing (D)
  2 orc sorcerers (D)
  A cyclops (D)
  Maurice (D)
  A black mamba (D)
  2 spiny frogs (D)
  3 komodo dragons (D)
  7 trolls (D)
  A slime creature (D)
  A dream sheep (D)
  3 hippogriffs (D)
  A shadow (D)
  A wyvern (D)
  A soldier ant (D)
  2 wargs (D)
  A hell hound (D)
  3 water moccasins (D)
  2 porcupines (D)
  An ice beast (D)
  A sky beast (D)
  5 orc warriors (D)
  5 wolves (D)
  2 crocodiles (D)
  2 bullfrogs (D)
  A gnoll sergeant (D)
  2 scorpions (D)
  A wight (D)
  A hound (D)
  A quasit (D)
  2 orc wizards (D)
  3 orc priests (D)
  A shadow imp (D)
  An adder skeleton (D)
  A worm (D)
  A leopard gecko (D)
  10 orcs (D)
  A bat skeleton (D)
  A giant cockroach (D)
  A hobgoblin (D)
  A frilled lizard (D)
  A rat (D)
99 creatures vanquished.

Vanquished Creatures (others)
  An orc (D)
1 creature vanquished.

Grand Total: 100 creatures vanquished

Notes
Turn   | Place    | Note
-------+----------+-------------------------------------------
     0 | D        | Lanoc the Merfolk Berserker began the quest for the Orb.
     0 | D        | Reached XP level 1. HP: 18/18 MP: 1/1
    10 | D        | Reached skill level 5 in Polearms
    13 | D        | Reached ** piety under Trog
    51 | D        | Noticed a scorpion
    51 | D        | Noticed a gnoll sergeant
    51 | D        | Noticed a quasit
    58 | D        | Killed a scorpion
    58 | D        | Reached skill level 8 in Polearms
    58 | D        | Reached skill level 5 in Dodging
    58 | D        | Reached XP level 2. HP: 22/26 MP: 2/2
    58 | D        | Reached XP level 3. HP: 28/32 MP: 3/3
    68 | D        | Killed a gnoll sergeant
    68 | D        | Reached *** piety under Trog
    68 | D        | Reached skill level 5 in Fighting
    68 | D        | Reached skill level 9 in Polearms
    68 | D        | Reached XP level 4. HP: 27/39 MP: 4/4
    68 | D        | Reached XP level 5. HP: 32/45 MP: 5/5
   110 | D        | Reached skill level 10 in Polearms
   131 | D        | Found a roughly hewn altar of Beogh.
   131 | D        | Found a snail-covered altar of Cheibriados.
   131 | D        | Found a shadowy altar of Dithmenos.
   131 | D        | Found a white marble altar of Elyvilon.
   131 | D        | Found a blossoming altar of Fedhas.
   131 | D        | Found an opulent altar of Gozag.
   132 | D        | Found a hazy altar of Hepliaklqana.
   133 | D        | Found a viscous altar of Jiyva.
   134 | D        | Found an ancient bone altar of Kikubaaqudgha.
   135 | D        | Found a corrupted altar of Lugonu.
   136 | D        | Found a burning altar of Makhleb.
   137 | D        | Found a sparkling altar of Nemelex Xobeh.
   138 | D        | Found an iron altar of Okawaru.
   139 | D        | Found a stormy altar of Qazlal.
   140 | D        | Found a sacrificial altar of Ru.
   141 | D        | Found a deep blue altar of Sif Muna.
   142 | D        | Found a bloodstained altar of Trog.
   143 | D        | Found a hide-covered altar of Uskayaw.
   144 | D        | Found a radiant altar of Vehumet.
   145 | D        | Found an ornate altar of the Wu Jian Council.
   146 | D        | Found a shimmering altar of Xom.
   147 | D        | Found a basalt altar of Yredelemnul.
   148 | D        | Found a glowing silver altar of Zin.
   149 | D        | Found a glowing golden altar of the Shining One.
   312 | D        | Noticed an ice beast
   312 | D        | Noticed a troll
   312 | D        | Noticed a troll
   312 | D        | Noticed a sky beast
   320 | D        | Killed an ice beast
   320 | D        | Reached **** piety under Trog
   320 | D        | Reached skill level 11 in Polearms
   320 | D        | Reached XP level 6. HP: 53/53 MP: 6/6
   324 | D        | Killed a troll
   324 | D        | Reached skill level 13 in Polearms
   324 | D        | Reached skill level 5 in Armour
   324 | D        | Reached XP level 7. HP: 61/61 MP: 7/7
   332 | D        | Killed a troll
   332 | D        | Reached skill level 14 in Polearms
   346 | D        | Reached skill level 10 in Dodging
   348 | D        | Reached skill level 15 in Polearms
   348 | D        | Reached XP level 8. HP: 71/71 MP: 8/8
   376 | D        | Noticed a hippogriff
   376 | D        | Noticed a cyclops
   376 | D        | Noticed a brown ugly thing
   376 | D        | Noticed a centaur warrior
   383 | D        | Reached ***** piety under Trog
   391 | D        | Killed a hippogriff
   398 | D        | Killed a cyclops
   398 | D        | Reached skill level 16 in Polearms
   405 | D        | Killed a brown ugly thing
   405 | D        | Received a gift from Trog
   405 | D        | Reached skill level 10 in Fighting
   405 | D        | Reached skill level 17 in Polearms
   405 | D        | Reached XP level 9. HP: 79/79 MP: 9/9
   410 | D        | Killed a centaur warrior
   410 | D        | Reached skill level 18 in Polearms
   650 | D        | Noticed a spiny frog
   650 | D        | Noticed a spiny frog
   650 | D        | Noticed a six-headed hydra
   662 | D        | Killed a spiny frog
   662 | D        | Received a gift from Trog
   666 | D        | Noticed a black mamba
   669 | D        | Killed a six-headed hydra
   669 | D        | Reached skill level 19 in Polearms
   669 | D        | Reached XP level 10. HP: 89/89 MP: 10/10
   673 | D        | Killed a spiny frog
   690 | D        | Reached ****** piety under Trog
   690 | D        | Received a gift from Trog
   709 | D        | Killed a black mamba
   709 | D        | Reached skill level 20 in Polearms
   725 | D        | Got a twisted triple sword {god gift}
   726 | D        | Identified the +8 triple sword of Disembowelment {slice,
                  | rPois Int+2} (Trog gifted it to you in the Dungeon)
   931 | D        | Received a gift from Trog
  1065 | D        | Reached skill level 21 in Polearms
  1071 | D        | Received a gift from Trog
  1074 | D        | Reached XP level 11. HP: 97/97 MP: 3/11
  1331 | D        | Received a gift from Trog
  1345 | D        | Received a gift from Trog
  1379 | D        | Noticed an orc sorcerer
  1379 | D        | Noticed an orc high priest
  1381 | D        | Noticed an orc sorcerer
  1384 | D        | Killed an orc sorcerer
  1384 | D        | Reached skill level 15 in Dodging
  1393 | D        | Noticed a sixfirhy
  1394 | D        | Noticed an orc knight
  1395 | D        | Killed an orc high priest
  1395 | D        | Received a gift from Trog
  1402 | D        | Killed an orc sorcerer
  1402 | D        | Reached skill level 22 in Polearms
  1408 | D        | Killed an orc knight
  1413 | D        | Noticed an orc knight
  1429 | D        | Killed an orc knight
  1429 | D        | Reached skill level 10 in Armour
  1435 | D        | Received a gift from Trog
  1648 | D        | Found Ziukev's Food Emporium.
  1648 | D        | Noticed an ogre mage
  1648 | D        | Noticed a stone giant
  1648 | D        | Noticed an ogre mage
  1648 | D        | Noticed a deep troll
  1649 | D        | Noticed an ogre mage
  1662 | D        | Killed a stone giant
  1664 | D        | Killed an ogre mage
  1664 | D        | Reached skill level 23 in Polearms
  1670 | D        | Killed an ogre mage
  1687 | D        | Killed a deep troll
  1692 | D        | Killed an ogre mage
  1692 | D        | Received a gift from Trog
  1692 | D        | Reached XP level 12. HP: 97/108 MP: 4/12
  1695 | D        | Found Hytot's Jewellery Shoppe.
  1712 | D        | Reached skill level 24 in Polearms
  1733 | D        | Found Norejun's Book Emporium.
  1739 | D        | Found Uthrip's Jewellery Shoppe.
  1741 | D        | Noticed an iron troll
  1766 | D        | Killed an iron troll
  1792 | D        | Received a gift from Trog
  1795 | D        | Reached skill level 15 in Fighting
  1814 | D        | Bought a ration for 65 gold pieces
  1814 | D        | Bought a ration for 65 gold pieces
  1814 | D        | Bought a ration for 65 gold pieces
  1814 | D        | Bought a ration for 65 gold pieces
  1814 | D        | Bought a ration for 65 gold pieces
  1814 | D        | Bought a ration for 65 gold pieces
  1814 | D        | Bought a ration for 65 gold pieces
  1822 | D        | Bought the ring "Iluenoocw" {rPois rN++ MP+9 Str-2 Slay+2}
                  | for 504 gold pieces
  2075 | D        | Noticed Urug
  2076 | D        | Noticed Maurice
  2087 | D        | Killed Urug
  2090 | D        | Killed Maurice
  2125 | D        | Noticed Gastronok
  2145 | D        | Killed Gastronok
  2145 | D        | Received a gift from Trog
  2145 | D        | Reached skill level 25 in Polearms
  2230 | D        | Got the cursed +1 chain mail of Gedof {rCorr Str+4}
  2315 | D        | Noticed a death knight
  2316 | D        | Noticed a deep troll shaman
  2318 | D        | Noticed a spark wasp
  2324 | D        | Killed a death knight
  2324 | D        | Received a gift from Trog
  2325 | D        | Noticed a great orb of eyes
  2328 | D        | Killed a deep troll shaman
  2334 | D        | Noticed an ice dragon
  2342 | D        | Killed a spark wasp
  2343 | D        | Noticed a frost giant
  2347 | D        | Killed a great orb of eyes
  2348 | D        | Noticed a vampire mage
  2350 | D        | Killed from afar by a frost giant

Vault maps used:
D:        linesprint

Skill      XL: |  1  2  3  4  5  6  7  8  9 10 11 12 |
---------------+-------------------------------------+-----
Polearms       | 8 9 11 13 15 17 19 21 23 25 | 25.9
Dodging        | 5 6 7 8 10 11 13 14 16 18 | 18.3
Fighting       | 4 5 6 7 9 10 11 12 14 16 | 16.0
Armour         | 2 3 4 5 6 7 8 9 10 11 | 11.7

Action                   |  1- 3 |  4- 6 |  7- 9 | 10-12 || total
-------------------------+-------+-------+-------+-------++-------
Melee: Spear             |    26 |    40 |    74 |    90 ||   230
       Tailslap          |       |       |     8 |       ||     8
       Bardiche          |       |       |       |    43 ||    43
       Glaive            |       |       |       |    50 ||    50
       Demon trident     |       |       |       |   171 ||   171
Invok: Berserk           |     2 |     1 |     2 |     7 ||    12
       Trog's Hand       |       |       |       |     5 ||     5
  Use: Potion            |       |     3 |       |       ||     3
  Eat: Chunk             |       |       |     3 |    14 ||    17
Armor: Animal skin       |       |    13 |       |       ||    13
       Scale mail        |       |       |     9 |    54 ||    63
       Storm dragon scal |       |       |       |     5 ||     5
       Chain mail        |       |       |       |     1 ||     1
Dodge: Dodged            |    10 |    36 |    23 |   150 ||   219

Table legend:
 A = Non-vault XP
 B = Vault XP
 C = Vault XP percentage of total XP
 D = Non-vault monster count
 E = Vault monster count
 F = Vault count percentage of total count
                 A         B        C        D         E       F
            +---------+---------+-------+---------+---------+-------
      Total |       0 |   31047 | 100.0 |       0 |      99 | 100.0
            +---------+---------+-------+---------+---------+-------
          D |       0 |   31047 | 100.0 |       0 |      99 | 100.0
            +---------+---------+-------+---------+---------+-------
